 Dungeon Crawl Stone Soup version 0.22.1-5-g62c59d9 (webtiles) character file.

63 errolflynn the Chopper (level 3, 0/33 HPs)
             Began as a Minotaur Berserker on Jan 8, 2019.
             Was a Believer of Trog.
             Slain by an orc (1 damage)
             ... on level 3 of the Dungeon.
             The game lasted 00:13:31 (1393 turns).

errolflynn the Chopper (Minotaur Berserker)         Turns: 1393, Time: 00:13:31

Health: 0/33       AC: 10    Str: 21    XL:     3   Next: 89%
Magic:  2/2        EV:  8    Int:  4    God:    Trog [**....]
Gold:   77         SH:  0    Dex: 10    Spells: 2/2 levels left

rFire    . . .     SeeInvis .   t - -3 mace (curse)
rCold    . . .     Gourm    .   (no shield)
rNeg     . . .     Faith    .   w - +0 chain mail
rPois    .         Spirit   .   (helmet restricted)
rElec    .         Reflect  .   (no cloak)
rCorr    .         Harm     .   q - +0 pair of gloves
MR       .....                  (no boots)
Stlth    ..........             (no amulet)
HPRegen  0.11/turn              (no ring)
MPRegen  0.08/turn              (no ring)

@: no status effects
A: retaliatory headbutt, horns 2
a: Berserk, Trog's Hand, Renounce Religion


You were on level 3 of the Dungeon.
You worshipped Trog.
Trog was pleased with you.
You were not hungry.

You visited 1 branch of the dungeon, and saw 3 of its levels.

You collected 77 gold pieces.

Inventory:

Hand Weapons
 a - a +0 hand axe
 s - a +0 morningstar
 t - a cursed -3 mace (weapon)
 y - a +0 blowgun
 z - a +0 rapier
Missiles
 f - 25 stones (quivered)
 h - 8 arrows
 j - 2 tomahawks
 k - 43 bolts
 l - 14 sling bullets
 n - 6 javelins
 x - 23 poisoned needles
Armour
 b - a +0 animal skin
 m - a +0 leather armour
 p - a +0 ring mail
 q - a +0 pair of gloves (worn)
 r - a +0 leather armour
 u - a +0 leather armour
 v - a +0 ring mail
 w - a +0 chain mail (worn)
Scrolls
 g - a scroll of identify
 o - a scroll of teleportation
Potions
 d - a potion of might {unknown}
 e - a potion of mutation {unknown}
 i - a potion of heal wounds {unknown}
Comestibles
 c - 2 rations


   Skills:
 + Level 4.2 Fighting
 + Level 4.7 Axes
 + Level 2.9 Armour
 + Level 2.7 Dodging
 + Level 0.2 Stealth


You had 2 spell levels left.
You didn't know any spells.
Your spell library was empty.

Dungeon Overview and Level Annotations

Branches:
Dungeon (3/15)

Altars:


Innate Abilities, Weirdness & Mutations

You reflexively headbutt those who attack you in melee.
You have a pair of horns on your head.


Message History

An orc comes into view.
The orc shouts!
An orc comes into view. It is wielding a mace.
An orc priest comes into view. It is wielding a club.
The orc priest moves out of view.
An orc comes into view.
The orc shouts!
The orc priest shouts!
The orc shouts!
The orc priest calls down the wrath of Beogh upon you.
Beogh smites you!
* * * LOW HITPOINT WARNING * * *
The orc hits you.
* * * LOW HITPOINT WARNING * * *
You closely miss the orc. Your headbutt misses the orc.
The orc hits you but does no damage.
You hit the orc. You headbutt the orc.
The orc is almost dead.
The orc hits you.
* * * LOW HITPOINT WARNING * * *
The orc hits you but does no damage. The orc hits you.
You die...

###..##...# # #..
#.........# #. #.#
#<#..###..# #.###.# #.#..#
#..# #...#.####.#..# #..#
#...........# #..#
#...........###†)#####
#####...oo...........#...#
....$...o@.....#####.#.#.#
..##....######## #.#.#..
........# #.#.#..
..##....# #.#.#.. . #....#
#.#.... #..o.# #.#####
#....# #.##### #....#
#...... #######


You could see 3 orcs.

Vanquished Creatures
  A worker ant (D:2)
  A worm (D:3)
  A dart slug (D:3)
  2 leopard geckos
  4 orcs (D:3)
  3 bats
  A giant cockroach (D:1)
  4 goblins
  3 hobgoblins
  A ball python (D:1)
  5 kobolds
  4 rats
30 creatures vanquished.

Notes
Turn   | Place    | Note
-------+----------+-------------------------------------------
     0 | D:1      | errolflynn the Minotaur Berserker began the quest for the
                  | Orb.
     0 | D:1      | Reached XP level 1. HP: 19/19 MP: 0/0
   293 | D:1      | Reached XP level 2. HP: 19/27 MP: 1/1
   961 | D:2      | Reached XP level 3. HP: 33/33 MP: 2/2
  1382 | D:3      | Reached ** piety under Trog
  1393 | D:3      | HP: 1/33 [orc (3)]
  1393 | D:3      | Slain by an orc

Skill      XL: |  1  2 |
---------------+-------+-----
Axes           | 4 |  4.7
Fighting       | 4 |  4.2
Armour         | |  2.9
Dodging        | |  2.7
Stealth        | |  0.2

Action                   || total
-------------------------++-------
Melee: Hand axe          ||    65
       Headbutt          ||    11
       Mace              ||    16
  Use: Scroll            ||     1
  Eat: Ration            ||     1
Armor: Leather armour    ||     9
       Animal skin       ||     2
       Chain mail        ||    14
Dodge: Dodged            ||    47
